Map: Tourmaline LE

Players

Cypem - Winner!

  • Race: Zerg Zerg
  • League: Grandmaster
  • Spawn Location: 7:00

A.I. 1 (Very Easy)

  • Race: Protoss Protoss
  • Spawn Location: 1:00

VOD

https://www.patreon.com/c/zergsgroundzero/posts

Description

Time

  • Played on: Feb. 7, 2026, 9:47 a.m.
  • Length: 8:33
Show
View Real Time Build Order
Export as new Build Order

Cypem Zerg - Winner!

Build Orders: Hatch First 

Get SALT Encoding   

  12  0:00  Drone  
  13  0:08  Drone  
  14  0:14  Extractor, Drone  
  15  0:21  Overlord  
  15  0:40  Drone  
  16  0:45  Hatchery  
  16  0:49  Drone  
  16  0:52  Drone  
  16  0:56  Drone  
  18  1:07  Extractor  
  17  1:11  Spawning Pool  
  17  1:14  Drone  
  17  1:17  Drone  
  18  1:26  Drone  
  19  1:37  Drone  
  20  1:47  Drone  
  21  1:58  Queen x2  
  21  1:59  Overlord  
  21  2:01  Zergling x2  
  26  2:09  Drone  
  26  2:11  Metabolic Boost  
  26  2:13  Drone  
  28  2:18  Drone  
  28  2:20  Drone  
  30  2:29  Drone  
  31  2:30  Drone  
  31  2:34  Queen  
  34  2:42  Hatchery  
  33  2:46  Overlord  
  33  2:49  Drone  
  33  2:51  Drone  
  35  2:53  Overlord  
  35  3:01  Drone  
  36  3:07  Drone x3  
  36  3:08  Drone  
  36  3:09  Drone x2  
  36  3:10  Drone  
  43  3:17  Queen  
  45  3:20  Spore Crawler  
  45  3:22  Drone  
  45  3:23  Drone  
  46  3:27  Queen  
  46  3:32  Spore Crawler  
  46  3:34  Overlord  
  47  3:39  Zergling x6  
  47  3:41  Zergling x2  
  51  3:43  Zergling x2  
  51  3:47  Overlord  
  52  3:56  Overlord  
  52  4:00  Drone x4  
  56  4:07  Drone x2  
  56  4:09  Drone x5  
  63  4:15  Drone  
  64  4:18  Drone x2  
  64  4:20  Evolution Chamber  
  64  4:22  Lair  
  65  4:24  Drone  
  65  4:25  Drone  
  65  4:27  Drone  
  65  4:30  Overlord  
  68  4:37  Overlord  
  68  4:38  Drone x5  
  71  4:42  Extractor  
  71  4:43  Spore Crawler  
  71  4:45  Drone  
  72  4:48  Drone x3  
  72  4:50  Zerg Melee Weapons Level 1  
  72  4:51  Overlord  
  75  4:57  Drone x2  
  77  5:00  Overlord  
  77  5:01  Extractor  
  77  5:02  Extractor, Drone  
  77  5:04  Drone x2  
  78  5:15  Overlord  
  78  5:18  Hatchery  
  77  5:24  Hydralisk Den  
  77  5:25  Drone  
  77  5:27  Overlord, Zergling x2  
  77  5:28  Zergling x12  
  84  5:29  Hatchery  
  84  5:32  Zergling x6  
  86  5:36  Zergling x8  
  86  5:38  Queen  
  86  5:40  Zergling x2  
  86  5:41  Zergling x4  
  95  5:43  Zergling x4  
  95  5:47  Zergling x2  
  98  5:54  Baneling Nest  
  98  5:55  Muscular Augments  
  98  5:56  Overlord, Zergling x2  
  98  6:01  Overlord  
  98  6:02  Zergling x10  
  98  6:04  Overlord  
  103  6:05  Overlord  
  103  6:12  Overlord  
  103  6:16  Overlord  
  103  6:17  Zergling x10  
  107  6:24  Overlord  
  107  6:25  Hydralisk  
  109  6:28  Hydralisk  
  109  6:30  Hydralisk x3  
  117  6:33  Hydralisk x2  
  117  6:37  Centrifugal Hooks  
  121  6:41  Hydralisk x2  
  121  6:42  Hydralisk  
  121  6:46  Hydralisk x2  
  131  6:50  Hydralisk  
  131  6:53  Hydralisk  
  133  6:59  Grooved Spines  
  133  7:01  Overlord  
  135  7:09  Hydralisk  
  135  7:11  Zergling x26  
  135  7:12  Zergling x2  
  135  7:13  Zergling x2  
  152  7:17  Hydralisk x2  
  152  7:20  Zergling x4  
  158  7:25  Zergling x2  
  158  7:26  Zergling x8  
  163  7:32  Zergling x12  
  163  7:35  Baneling x6  
  163  7:36  Baneling  
  163  7:37  Baneling  
  169  7:38  Baneling  
  169  7:41  Zergling x6  
  172  7:50  Overlord, Zergling x2  
  172  7:51  Zergling x14  
  180  7:52  Baneling  
  180  7:53  Baneling x3  
  180  7:54  Baneling x2  
  180  7:55  Baneling  
  180  8:07  Zergling x2  
  180  8:08  Zergling x20  
Show
View Real Time Build Order
Export as new Build Order

A.I. 1 (Very Easy) Protoss 

Build Orders:  

Get SALT Encoding   

  12  0:00  Probe  
  13  0:13  Probe  
  14  0:19  Pylon  
  14  0:36  Assimilator  
  14  0:43  Gateway  
  14  0:47  Pylon  
  14  1:14  Assimilator  
  14  1:17  Probe  
  14  1:25  Probe  
  16  1:32  Cybernetics Core  
  16  1:33  Probe  
  17  1:43  Probe  
  18  1:55  Probe  
  18  1:59  Warp Gate  
  19  2:03  Probe  
  19  2:08  Stalker  
  22  4:32  Probe  
  22  5:39  Zealot  
  22  5:40  Probe  
  22  5:41  Pylon  
  25  5:43  Robotics Facility  
  24  5:53  Probe  
  25  6:05  Probe  
  26  6:14  Probe  
  25  6:22  Probe  
  25  6:30  Observer  
  25  6:31  Probe, Pylon  
  27  6:32  Zealot  
  30  6:48  Probe, Observer  
  31  7:11  Nexus  
  30  7:26  Stalker  
  32  8:03  Stalker  
  34  8:06  Pylon  
  34  8:12  Probe  
Tags
 
Add a new tag
Caveats
  • Supply blocks, unpowered buildings, or Contaminate may cause inaccurate times.
  • Supply counts are checked every 10 seconds.